Dahli Llama, chaotic male human Monk ------------ ----------- ----- |..........| |.........+ |...| |..........| ##..........| |.{.| #...........| # |.........| |....######-.-.-------- ### |.........| --------- ---.- #########*##)##########|<........| #|.......| # # # # # #|.........| ###|[......| # # ######### ## # #-----------# # #........| # # ----.--.--# #####(####)########## #-----.--- # # |........-# # ## ######### ### # |........| # # # # |........| ## ---.-------######.........| ----.----.---- |..........# ---------- |............| |........{|# .......>@....| |..........# |............| |.........| -------------- ----------- Dahli Llama the Novice Experience level: 5 Strength: 18/02 Dexterity: 14 Constitution: 12 Intelligence: 8 Wisdom: 14 Charisma: 11 Health: 39(40) Energy: 34(34) AC: 4 Gold: 514 Moves: 1556 Your Inventory: Coins $ - 514 gold pieces Armor a - an uncursed +2 pair of leather gloves (being worn) b - an uncursed +1 robe (being worn) Comestibles f - an uncursed partly eaten food ration g - 5 uncursed apples h - 8 uncursed oranges i - 3 uncursed fortune cookies l - an [uncursed] lichen corpse Scrolls d - an uncursed scroll of create monster m - an [uncursed] scroll labeled KERNOD WEL [of charging] t - a [cursed] scroll labeled ANDOVA BEGARIN [of light] Spellbooks c - a blessed spellbook of healing Potions e - 3 uncursed potions of healing Tools j - an uncursed oil lamp (0:1295) Gems q - an [uncursed] white gem [worthless glass] s - an [uncursed] green gem [worthless glass] Spells known in the end: Name Level Category Fail Memory a - healing 1 healing 0% [||||||||] Your skills at the end: Fighting Skills martial arts [Basic / Grand Master] Weapon Skills Spellcasting Skills healing spells [Basic / Expert] Final Attributes: You were devoutly aligned. Hunger level was 2015. Your alignment was 16 / 17. Monster difficulty range was 0 - 4. Level difficulty was 4. You were immune to sleep. You were immune to poison. You were hallucinating. You saw invisible. You were stealthy. You were very fast. Your luck was zero. You are dead. Vanquished creatures: a pony 2 rothes a giant bat an acid blob 2 hobbits 4 manes a brown mold a red mold a gnome zombie 4 jackals a fox a goblin a grid bug 2 lichens a kobold zombie 6 newts and a partridge in a pear tree 30 creatures vanquished. Voluntary challenges: You were an atheist. You followed a strict vegan diet. You were illiterate. You never hit with a wielded weapon. You put on armor 2 times. You never genocided any monsters. You never polymorphed an object. You never changed form. You used no wishes. You never wrote Elbereth's name. You never encountered a bones level. You never used any Sokoban shortcuts. Dungeon overview: The Dungeons of Doom: levels 1 to 4 Level 1 a sink a long staircase Level 2 a fountain a long staircase Level 4 <- You were here some fountains History has recorded: On T:1 you entered the Dungeons of Doom to retrieve the Amulet of Yendor! On T:320 you advanced to experience level 2. On T:486 you reached level 2 of The Dungeons of Doom. On T:645 you advanced to experience level 3. On T:791 you reached level 3 of The Dungeons of Doom. On T:970 you advanced to experience level 4. On T:1315 you reached level 4 of The Dungeons of Doom. On T:1363 you advanced to experience level 5. Latest messages: The baby draken bites! [HP-5=35] You kill the ettin zombie! $ - 49 gold pieces. [HP+1=36] You see here a wrinkled spellbook. [HP+1=37] [HP+1=38] You see here a food ration. You feel foolish! You haven't been paying attention. $ - 6 gold pieces. You see here a food ration. f - an uncursed food ration. You're having a hard time getting all of it down. [HP+1=39] You're finally finished. [4 turns] You're having a hard time getting all of it down. You choke over your food. You die... Final status: Punardarsanaya Dahli Llama the Monk... You choked in The Dungeons of Doom on dungeon level 4 with 789 points, and 514 pieces of gold, after 1556 moves. You were level 5 with a maximum of 40 hit points when you choked.